 Dungeon Crawl Stone Soup version 0.27-a0-1185-ga233589e6f (webtiles) character file.

Game seed: 4183860761984833367

16016 dfsg the Geomancer (level 12, -1/70 HPs)
             Began as a Gargoyle Earth Elementalist on May 19, 2021.
             Was a Believer of Vehumet.
             Slain by a skeletal warrior
             ... wielding a +0 dire flail
             ... led by a skeletal warrior
              (18 damage)
             ... on level 11 of the Dungeon.
             The game lasted 00:30:20 (13281 turns).

dfsg the Geomancer (Gargoyle Earth Elementalist)   Turns: 13281, Time: 00:30:21

Health: -1/70      AC: 21    Str: 11    XL:     12   Next: 33%
Magic:  0/24       EV: 16    Int: 28    God:    Vehumet [**....]
Gold:   85         SH:  0    Dex: 10    Spells: 19/28 levels left

rFire    . . .     SeeInvis .   D - +8 dire flail (freeze)
rCold    . . .     Faith    .   (shield currently unavailable)
rNeg     + . .     Spirit   .   H - +0 troll leather armour
rPois    ∞         Reflect  .   G - +2 hat
rElec    +         Harm     .   r - +0 cloak
rCorr    .         Rampage  .   f - +1 pair of gloves
Will     .....     Rnd*Rage +   n - +1 pair of boots
Stlth    ++........             (no amulet)
HPRegen  1.21/turn              g - +6 ring of intelligence
MPRegen  0.19/turn              k - +4 ring of evasion

@: no status effects
A: sickness immunity, AC +8, negative energy resistance 1, electricity
resistance, torment resistance 1, petrification resistance, berserk 1
a: Renounce Religion


You were on level 11 of the Dungeon.
You worshipped Vehumet.
Vehumet was pleased with you.
You visited 2 branches of the dungeon, and saw 12 of its levels.
You also visited: Ossuary.

You collected 692 gold pieces.
You spent 607 gold pieces at shops.

Inventory:

Hand Weapons
 D - a +8 dire flail of freezing (weapon)
Missiles
 b - 249 stones
 C - 3 curare-tipped darts
Armour
 f - a +1 pair of gloves (worn)
 j - a +1 helmet
 n - a +1 pair of boots (worn)
 r - a +0 cloak (worn)
 G - a +2 hat (worn)
 H - a +0 troll leather armour (worn)
Jewellery
 g - a +6 ring of intelligence (left hand)
 k - a +4 ring of evasion (right hand)
 s - a +6 ring of intelligence
 v - a ring of magical power
 w - a +4 ring of evasion
 B - a ring of ice
 F - a +6 ring of dexterity
Wands
 c - a wand of paralysis (20)
Scrolls
 h - 2 scrolls of immolation
 m - 6 scrolls of teleportation
 o - a scroll of fear
 p - a scroll of summoning
 y - 2 scrolls of magic mapping
 A - a scroll of identify
 E - 2 scrolls of fog
 I - a scroll of amnesia
Potions
 a - 5 potions of curing
 d - 2 potions of lignification
 e - 2 potions of magic
 i - 3 potions of brilliance
 l - 2 potions of berserk rage
 q - a potion of cancellation
 t - 3 potions of attraction
 u - a potion of heal wounds
 x - 2 potions of haste
 z - 3 potions of ambrosia
 J - a potion of might


   Skills:
 + Level 6.1 Fighting
 + Level 5.6 Maces & Flails
 - Level 6.0 Armour
 + Level 5.0 Dodging
 - Level 2.1 Stealth
 + Level 8.9 Spellcasting
 + Level 9.9 Conjurations
 - Level 0.7 Transmutations
 + Level 11.6 Earth Magic
 + Level 2.0 Evocations


You had 19 spell levels left.
You knew the following spells:

 Your Spells              Type           Power      Damage    Failure   Level
a - Sandblast             Erth           100%       2d20      1%          1
b - Stone Arrow           Conj/Erth      100%       3d13      1%          3
c - Lee's Rapid Deconstr  Erth           33%        3d18*     1%          5

Your spell library contained the following spells:

 Spells                   Type           Power      Damage    Failure   Level
 Searing Ray              Conj           100%       3d7       1%          2
 Passwall                 Tmut/Erth      39%        N/A       1%          2
 Petrify                  Tmut/Erth      47%        N/A       4%          4
 Summon Small Mammal      Summ           48%        N/A       6%          1
 Call Imp                 Summ           12%        N/A       9%          2
 Call Canine Familiar     Summ           12%        N/A       17%         3
 Summon Guardian Golem    Hex/Summ       12%        N/A       17%         3
 Summon Ice Beast         Ice/Summ       12%        N/A       50%         4
 Summon Lightning Spire   Summ/Air       12%        N/A       50%         4


Dungeon Overview and Level Annotations

Branches:
Dungeon (11/15)            Temple (1/1) D:4            Lair (0/6) D:10
    Orc (0/2) D:10        Ossuary (visited)

Altars:
Ashenzari
Cheibriados
Dithmenos
Elyvilon
Fedhas
Gozag
Hepliaklqana
Kikubaaqudgha
Makhleb
Nemelex Xobeh
Okawaru
Qazlal
Ru
Sif Muna
Trog
Uskayaw
Vehumet
Wu Jian
Xom
Yredelemnul
Zin
The Shining One
Beogh

Shops:
D:1 *   D:10 ?   D:11 !


Innate Abilities, Weirdness & Mutations

You are immune to sickness and miasma.
Your stone body is resilient. (AC +8)
You are immune to poison.
You resist negative energy. (rN+)
You are resistant to electric shocks. (rElec)
You are resistant to unholy torment.
You are immune to petrification.
You tend to lose your temper in combat.


Message History

Vehumet accepts your kill.
The blast of bone shards hits the skeletal warrior!
The skeletal warrior is severely damaged.
The skeletal warrior closely misses you.
Your Evocations skill increases to level 2!
Unknown command.
Casting: Lee's Rapid Deconstruction (dangerous; 1% risk of failure)
Confirm with . or Enter, or press ? or * to list all spells.
Aiming: Stone Arrow (safe; 1% risk of failure)
Press: ? - help, Shift-Dir - straight line, f - skeletal warrior
Aim: a skeletal warrior, wielding a +0 dire flail (severely damaged, 78% to hit)
The stone arrow hits the skeletal warrior!
The skeletal warrior is almost destroyed.
The skeletal warrior hits you with a +0 dire flail!
* * * LOW HITPOINT WARNING * * *
Casting: Stone Arrow (safe; 1% risk of failure)
Confirm with . or Enter, or press ? or * to list all spells.
Aiming: Stone Arrow (safe; 1% risk of failure)
Press: ? - help, Shift-Dir - straight line, f/p - skeletal warrior
Aim: a skeletal warrior, wielding a +0 dire flail (almost destroyed, 78% to hit)
The stone arrow misses the skeletal warrior.
The skeletal warrior barely misses you.
Unknown command.
Casting: Stone Arrow (safe; 1% risk of failure)
Confirm with . or Enter, or press ? or * to list all spells.
Aiming: Stone Arrow (safe; 1% risk of failure)
Press: ? - help, Shift-Dir - straight line, f/p - skeletal warrior
Aim: a skeletal warrior, wielding a +0 dire flail (almost destroyed, 78% to hit)
The stone arrow misses the skeletal warrior.
The skeletal warrior hits you with a +0 dire flail.
* * * LOW HITPOINT WARNING * * *
Casting: Stone Arrow (safe; 1% risk of failure)
Confirm with . or Enter, or press ? or * to list all spells.
Aiming: Sandblast (safe; 1% risk of failure)
Press: ? - help, Shift-Dir - straight line, f/p - skeletal warrior
Aim: a skeletal warrior, wielding a +0 dire flail (severely damaged, 84% to hit)
The blast of sand hits the skeletal warrior but does no damage.
The skeletal warrior is severely damaged.
The skeletal warrior hits you with a +0 dire flail!!
You die...

...>.......#.#.#.....#.#.####...#
.....)....).....[.[..'....[[.....
....##...#...###.....###.....<#..
....######....##.......).[##.####
)...# #..#.##.....####.#......
....# #....##........#[#..####
##### #.#..##.#..#.#.#.#..# #
#.#..##.#..#.....#..#### #######
#.##.##@#..#.....#.....# ......#
#.##..#z#..#.....#...... ......#
#.##..#)#..#.....#.....# ......#
#.##..)....#.#.#)#.....# ......#
#.##...#...#)#.#.#.....#
......####.##.#<#...#)#.#)#...[.#
......##...(..#.#...#.#.#†#.....#
......##......#?#...#)#.#)#.####.
......##...)..#.....#.#.#.#.# #.


You could see a skeletal warrior.

Vanquished Creatures
  Gastronok (D:8)
  3 two-headed ogres
  3 skeletal warriors (D:11)
  An orange crystal statue (D:10)
  An orc knight (D:11)
  3 cyclopes (D:11)
  Joseph (D:8)
  2 trolls
  A hornet (D:8)
  9 yaks
  A shadow (D:10)
  Eustachio (D:6)
  2 wyverns
  A wraith (D:11)
  2 basilisks (D:10)
  Grum (D:9)
  A water moccasin (D:6)
  A black bear (D:5)
  12 orc warriors
  A hornet zombie (D:5)
  A sky beast (D:5)
  3 ogres
  4 centaurs
  2 wolves (D:9)
  2 phantoms (D:6)
  A kobold brigand (D:8)
  A scorpion (D:5)
  3 bullfrogs
  A water moccasin zombie (D:6)
  8 killer bees
  4 wights (D:8)
  4 jellies
  8 lava snakes (D:10)
  7 centaur zombies
  9 hounds
  9 orc priests
  A bullfrog skeleton (D:5)
  5 iguanas
  5 orc wizards
  A killer bee zombie (D:8)
  2 hound skeletons (D:4)
  2 mummies (Ossuary)
  9 adders
  6 gnolls (D:5)
  A shadow imp (D:5)
  2 white imps (D:6)
  2 adder zombies
  An adder skeleton (D:4)
  A worm (D:4)
  4 dart slugs
  36 orcs
  5 ball pythons
  11 bats
  6 endoplasms
  3 giant cockroaches
  4 goblins
  2 hobgoblins (D:1)
  7 jackals
  9 kobolds
  3 quokkas
  2 frilled lizards
  2 goblin zombies (Ossuary)
  13 hobgoblin zombies (Ossuary)
  3 jackal zombies (Ossuary)
  9 kobold zombies (Ossuary)
  5 orc zombies (Ossuary)
  4 rats
  2 rat zombies (Ossuary)
283 creatures vanquished.

Vanquished Creatures (others)
  A fungus (D:10)
  10 plants
11 creatures vanquished.

Grand Total: 294 creatures vanquished

Notes
Turn   | Place    | Note
-------+----------+-------------------------------------------
     0 | D:1      | dfsg the Gargoyle Earth Elementalist began the quest for
                  | the Orb.
     0 | D:1      | Reached XP level 1. HP: 10/10 MP: 3/3
   558 | D:1      | Reached skill level 4 in Earth Magic
   558 | D:1      | Reached XP level 2. HP: 15/15 MP: 5/5
   998 | D:1      | Reached XP level 3. HP: 17/19 MP: 1/6
  1003 | D:1      | Learned a level 3 spell: Stone Arrow
  1173 | D:1      | Found Zuykuhez's General Store.
  1499 | D:2      | Reached skill level 1 in Conjurations
  1747 | D:2      | Reached XP level 4. HP: 24/24 MP: 8/8
  1789 | D:2      | Found a faded altar of an unknown god.
  2299 | D:3      | Identified a scroll of acquirement
  2299 | D:3      | Acquired a +6 ring of intelligence
  2496 | D:3      | Reached skill level 5 in Earth Magic
  2525 | D:3      | Reached XP level 5. HP: 23/28 MP: 6/9
  3340 | D:4      | Found a staircase to the Ecumenical Temple.
  3351 | Temple   | Entered the Ecumenical Temple
  3989 | D:4      | Reached XP level 6. HP: 28/32 MP: 11/11
  4146 | D:5      | Entered Level 5 of the Dungeon
  4289 | D:5      | Reached skill level 6 in Earth Magic
  4297 | D:5      | Noticed a black bear
  4404 | D:5      | Reached XP level 7. HP: 15/36 MP: 8/13
  4447 | D:5      | Found a sand-covered staircase.
  4452 | Ossuary  | Entered an ossuary
  4821 | Ossuary  | Learned a level 5 spell: Lee's Rapid Deconstruction
  5144 | D:5      | Reached skill level 7 in Earth Magic
  5201 | D:5      | Reached skill level 5 in Spellcasting
  5243 | D:5      | Found a sparkling altar of Nemelex Xobeh.
  5363 | D:5      | Reached skill level 5 in Conjurations
  5363 | D:5      | Reached XP level 8. HP: 35/41 MP: 9/15
  5868 | D:5      | Reached skill level 8 in Earth Magic
  6562 | D:6      | Reached XP level 9. HP: 45/45 MP: 8/18
  7122 | D:6      | Noticed Eustachio
  7126 | D:6      | Killed Eustachio
  7224 | D:6      | Found an opulent altar of Gozag.
  7305 | D:6      | Reached skill level 9 in Earth Magic
  7360 | D:6      | Found a hide-covered altar of Uskayaw.
  7814 | D:7      | Found a shadowy altar of Dithmenos.
  7823 | D:7      | Found an iron altar of Okawaru.
  8136 | D:8      | Found a glowing silver altar of Zin.
  8331 | D:8      | Found a radiant altar of Vehumet.
  8331 | D:8      | Found a snail-covered altar of Cheibriados.
  8333 | D:8      | Noticed a hornet
  8345 | D:8      | Killed a hornet
  8346 | D:8      | Reached skill level 1 in Fighting
  8346 | D:8      | Reached skill level 1 in Armour
  8349 | D:8      | Became a worshipper of Vehumet
  8355 | D:8      | Reached skill level 1 in Maces & Flails
  8387 | D:8      | Noticed Joseph
  8532 | D:8      | Killed Joseph
  8533 | D:8      | Reached XP level 10. HP: 20/53 MP: 18/21
  8977 | D:8      | Found a shimmering altar of Xom.
  8978 | D:8      | Found a glowing golden altar of the Shining One.
  9034 | D:8      | Noticed Gastronok
  9046 | D:8      | Killed Gastronok
  9047 | D:8      | Reached skill level 10 in Earth Magic
  9376 | D:9      | Found a shimmering blue altar of Sif Muna.
  9506 | D:9      | Found a broken altar of Ashenzari.
  9695 | D:9      | Noticed Grum
  9854 | D:9      | Killed Grum
 10234 | D:10     | Entered Level 10 of the Dungeon
 10943 | D:11     | Noticed a cyclops
 10949 | D:11     | Killed a cyclops
 10950 | D:11     | Reached XP level 11. HP: 25/61 MP: 13/23
 11310 | D:10     | Reached * piety under Vehumet
 11310 | D:10     | Offered knowledge of Shock by Vehumet.
 11486 | D:10     | Found a basalt altar of Yredelemnul.
 11518 | D:10     | Noticed a two-headed ogre
 11541 | D:10     | Killed a two-headed ogre
 11592 | D:10     | Found a staircase to the Lair.
 11623 | D:10     | Noticed an orange crystal statue
 11624 | D:10     | Noticed a two-headed ogre
 11625 | D:10     | Killed an orange crystal statue
 11626 | D:10     | Reached skill level 11 in Earth Magic
 11870 | D:10     | Reached skill level 5 in Fighting
 11994 | D:10     | Found Vaire's Magic Scroll Shoppe.
 11997 | D:10     | Bought 3 scrolls of teleportation for 135 gold pieces
 11997 | D:10     | Bought a scroll of identify for 30 gold pieces
 11998 | D:10     | Bought a scroll of summoning for 142 gold pieces
 11998 | D:10     | Gained mutation: You tend to lose your temper in combat.
                  | [potion of mutation]
 12011 | D:10     | Found a staircase to the Orcish Mines.
 12137 | D:11     | Noticed a cyclops
 12165 | D:11     | Reached skill level 5 in Armour
 12179 | D:11     | Killed a cyclops
 12240 | D:11     | Reached ** piety under Vehumet
 12240 | D:11     | Offered knowledge of Magic Dart by Vehumet.
 12284 | D:11     | Noticed an orc knight
 12408 | D:11     | Reached skill level 5 in Maces & Flails
 12471 | D:11     | Killed an orc knight
 12479 | D:11     | Noticed a cyclops
 12527 | D:11     | Killed a cyclops
 12528 | D:11     | Reached XP level 12. HP: 68/68 MP: 17/24
 12536 | D:11     | Noticed a two-headed ogre
 12550 | D:11     | Killed a two-headed ogre
 12551 | D:11     | Reached skill level 1 in Evocations
 12588 | D:11     | Offered knowledge of Searing Ray by Vehumet.
 12918 | D:11     | Noticed a two-headed ogre
 12924 | D:11     | Killed a two-headed ogre
 12975 | D:11     | Found Koixig's Distillery.
 12981 | D:11     | Bought a potion of curing for 45 gold pieces
 12981 | D:11     | Bought a potion of heal wounds for 75 gold pieces
 12981 | D:11     | Bought a potion of curing for 45 gold pieces
 12981 | D:11     | Bought a potion of berserk rage for 75 gold pieces
 12981 | D:11     | Bought a potion of might for 60 gold pieces
 13050 | D:11     | Reached skill level 5 in Dodging
 13281 | D:11     | Slain by a skeletal warrior

Illustrated notes

Levels and vault maps discovered:
D:1:      eino_arrival_cavern_e, layout_basic, serial_shops, shop,
          serial_bayou_ford_a, hangedman_decor_peaks_small
D:2:      layout_basic, shapermc_ecumenical_altar_flowoftime,
          serial_bayou_pond_e
D:3:      layout_loops_ring, minmay_misc_feat_four_crosses
D:4:      layout_loops_ring, lemuel_temple_firewalk_b
D:5:      kennysheep_six_static_rooms, layout_loops_corners,
          nemelex_xobeh_ov_fountains_minmay, nicolae_ossuary_entry_plus,
          minmay_circle_x
D:6:      layout_loops_ring, general_overflow_altar,
          lemuel_coloured_pillars_altar, uniq_eustachio
D:7:      layout_rooms, kennysheep_mini_moat, okawaru_ov_weapons_minmay
D:8:      layout_cave_pools, gammafunk_temple_overflow_forgotten,
          amethyst_overflow_temple_binary, uniq_joseph, uniq_gastronok
D:9:      layout_loops_ring, nicolae_ashenzari_skybound, lemuel_blue_sif_altar,
          uniq_grum
D:10:     erik_rubicon_a, layout_cave_pools, amcnicky_altar_gilded,
          david_lair_generic, orc_0_dummy, serial_shops,
          nicolae_shop_behind_doors, kennysheep_nondescript, disabler_island
D:11:     layout_basic, serial_shops, shop, special_room [special_room_orc]
Temple:   compressed_dpeg_triangle_lava_temple

Skill      XL: |  1  2  3  4  5  6  7  8  9 10 11 12 |
---------------+-------------------------------------+-----
Earth Magic    | 4 5 6 7 8 9 10 11 | 11.6
Conjurations   | 1 2 3 5 6 8 9 |  9.9
Spellcasting   | 3 4 5 6 7 8 |  8.9
Fighting       | 1 4 5 6 |  6.1
Armour         | 1 4 5 6 |  6.0
Maces & Flails | 1 3 5 |  5.6
Dodging        | 2 3 4 5 |  5.0
Evocations     | 2 |  2.0
Stealth        | |  2.1
Transmutations | |  0.7

Action                   |  1- 3 |  4- 6 |  7- 9 | 10-12 || total
-------------------------+-------+-------+-------+-------++-------
Melee: Dagger            |    69 |    78 |   221 |       ||   368
       Unarmed           |     7 |       |       |       ||     7
       Mace              |       |    26 |       |       ||    26
       Dire flail        |       |       |    18 |   226 ||   244
 Cast: Sandblast         |    31 |    58 |    71 |     3 ||   163
       Lee's Rapid Decon |       |       |     3 |    25 ||    28
       Stone Arrow       |       |       |    38 |    65 ||   103
  Use: Scroll            |     9 |     6 |     9 |     6 ||    30
       Potion            |       |     1 |       |     3 ||     4
 Stab: Sleeping          |     5 |     2 |     1 |       ||     8
Armor: Robe              |    45 |    80 |   153 |    52 ||   330
       Troll leather arm |       |       |       |    49 ||    49
Dodge: Dodged            |    62 |    95 |   202 |   212 ||   571

Table legend: (Time is in decaauts)
 A = Elapsed time spent in this place.
 B = Non-inter-level travel time spent in this place.
 C = Inter-level travel time spent in this place.
 D = Time resting spent in this place.
 E = Time spent auto-exploring this place.
 F = Levels seen in this place.
 G = Mean time per level.
                   A        B        C        D        E       F      G
               +--------+--------+--------+--------+--------+-----+--------+
         Total |  13353 |  12836 |    517 |   1834 |   8600 |  13 | 1027.2 |
       Dungeon |  12508 |  11993 |    515 |   1669 |   8152 |  11 | 1137.1 |
        Temple |    260 |    258 |      2 |      0 |    258 |   1 |  260.0 |
       Ossuary |    583 |    583 |      0 |    165 |    190 |   1 |  583.0 |
               +--------+--------+--------+--------+--------+-----+--------+

Top non-repeatable levels by time:
    D:10: 1867 daAuts
     D:5: 1525 daAuts
     D:1: 1369 daAuts
    D:11: 1191 daAuts
     D:8: 1133 daAuts
     D:6: 1122 daAuts
     D:4: 1100 daAuts
     D:9: 1007 daAuts
     D:3: 893 daAuts
     D:7: 671 daAuts
     D:2: 625 daAuts
 Ossuary: 583 daAuts
  Temple: 260 daAuts
